 Dungeon Crawl Stone Soup version 0.30-a0-174-gbc10bd73c2 (webtiles) character file.

Game seed: 711844960784230029

4491 qw the Cleaver (level 10, -4/63 HPs)
             Began as a Gargoyle Fighter on Oct 1, 2022.
             Was a Priest of Okawaru.
             Slain by an eight-headed hydra (6 damage)
             ... on level 9 of the Dungeon.
             The game lasted 00:02:58 (8339 turns).

qw the Cleaver (Gargoyle Fighter)                   Turns: 8339, Time: 00:02:59

Health: -4/63      AC: 23    Str: 24    XL:     10   Next: 38%
Magic:  13/13      EV:  8    Int:  9    God:    Okawaru [***...]
Gold:   190        SH: 16    Dex:  9    Spells: 9/9 levels left

rFire   + . .      SeeInvis .    n - +0 morningstar
rCold   . . .      Faith    .    j - +0 kite shield
rNeg    + . .      Spirit   .    o - +0 plate armour
rPois   inf        Reflect  +    (no helmet)
rElec   +          Harm     .    (no cloak)
rCorr   .          Rampage  .    t - +0 pair of gloves
Will    .....                    (no boots)
Stlth   ..........               p - amulet of reflection
HPRegen 0.30/turn                e - ring of protection from fire
MPRegen 0.13/turn                (no ring)

@: about to teleport, heroic, slowed, very slow
A: sickness immunity, AC +7, negative energy resistance 1, electricity
resistance, torment resistance 1, petrification resistance
a: Renounce Religion, Heroism


You were on level 9 of the Dungeon.
You worshipped Okawaru.
Okawaru was most pleased with you.
You visited 2 branches of the dungeon, and saw 10 of its levels.

You collected 526 gold pieces.
You spent 336 gold pieces at shops.


Innate Abilities, Weirdness & Mutations

You are immune to sickness and miasma.
Your stone body is resilient. (AC +7)
You are immune to poison.
You resist negative energy. (rN+)
You are resistant to electric shocks. (rElec)
You are resistant to unholy torment.
You are immune to petrification.


   Skills:
 - Level 7.1(12.1) Fighting
 - Level 9.0(14.0) Axes
 - Level 3.0(8.0) Throwing
 - Level 5.0(10.0) Armour
 - Level 1.6(6.6) Dodging
 + Level 8.4(13.4) Shields
 - Level 4.1 Invocations


You had 9 spell levels left.
You didn't know any spells.
Your spell library was empty.

Inventory:

Hand Weapons
 n - a +0 morningstar (weapon)
 Y - a +2 war axe of draining
Missiles
 r - 6 javelins (quivered)
Armour
 j - a +0 kite shield (worn)
 o - a +0 plate armour (worn)
 t - a +0 pair of gloves (worn)
 u - a +1 chain mail of fire resistance
Jewellery
 e - a ring of protection from fire (left hand)
 l - a ring of ice
 p - an amulet of reflection (around neck)
Scrolls
 a - 3 scrolls of teleportation
 g - a scroll of identify
Potions
 b - 2 potions of attraction
 c - a potion of lignification
 d - 4 potions of might
 f - a potion of mutation {unknown}
 h - 3 potions of resistance
 k - a potion of berserk rage {unknown}
 m - 2 potions of curing
 s - 2 potions of haste

Dungeon Overview and Level Annotations

Branches:
Dungeon (9/15)             Temple (1/1) D:6
   Lair: D:8-11         Orc: D:9-12

Altars:
Ashenzari
Cheibriados
Dithmenos
Elyvilon
Fedhas
Gozag
Hepliaklqana
Kikubaaqudgha
Makhleb
Nemelex Xobeh
Okawaru
Qazlal
Ru
Sif Muna
Trog
Uskayaw
Vehumet
Wu Jian
Xom
Yredelemnul
Zin
The Shining One

Shops:
D:2 (   D:7 *[[


Message History

The wight barely misses you. The orc warrior barely misses you.
You closely miss the orc warrior.
The orc warrior is almost dead.
You hit the steam dragon. You drain the steam dragon.
You hit the gargoyle but do no damage. You barely miss the wraith.
The orc warrior hits you but does no damage.
You block the steam dragon's attack.
The steam dragon claws you but does no damage.
The gargoyle hits you with a +0 flail. The wraith hits you!
The wraith drains your vigour!
You feel yourself slow down. The wight hits you but does no damage.
You block the orc warrior's attack.
8337 ||| READING 4 scrolls of teleportation.
As you read the scroll of teleportation, it crumbles to dust.
You feel strangely unstable. You block the orc warrior's attack.
The wraith hits you but does no damage. The steam dragon breathes steam at you.
The ball of steam hits you but does no damage.
You block the wight's attack.
The gargoyle hits you but does no damage.
The orc warrior closely misses you. The gargoyle hits you with a +0 flail!
The steam dragon bites you but does no damage.
The steam dragon claws you but does no damage.
The orc warrior hits you but does no damage.
The wight hits you but does no damage.
You hear a howl!
You hear a shout!
8338 ||| SWAPPING to +0 morningstar.
n - a +0 morningstar (weapon)
You feel a little less clever now. You block the orc warrior's attack.
You sock the orc warrior!
You kill the orc warrior!
Okawaru accepts your kill.
You float gracefully downwards.
You block the orc warrior's attack. The steam dragon breathes steam at you.
The ball of steam misses you. You block the gargoyle's attack.
You block the wight's attack.
A wight comes into view. It is wielding a +0 scimitar.
The eight-headed hydra is engulfed in a cloud of scalding steam.
The eight-headed hydra bites you.
You die...

#..........#
#?.........##
###)..~~~....#
##.....~)~...##
#.<....#.#..¤##
#.....###?###¤.# .
##....# #.###.¤## ...
##.....#P#...¤9#.....
...........¤@DW.....
.....?.....)¤D¤......
...........#o..z......
.....................
..#...........#.
#.####...$......
.........#.
#...z....##


You could see an eight-headed hydra, a wraith, a steam dragon (drained), an orc
warrior, a gargoyle and 2 wights.

Vanquished Creatures
  Grinder (D:3)
  A hornet (D:7)
  5 yaks (D:8)
  A steam dragon (D:7)
  2 water moccasins
  2 sky beasts
  4 orc warriors
  A black bear (D:4)
  3 ice beasts
  An ogre (D:4)
  5 centaurs
  2 phantoms
  5 bullfrogs
  5 scorpions
  A necrophage (D:7)
  A wight (D:9)
  A jelly (D:5)
  5 hounds
  2 orc priests
  2 gnoll boudas
  3 iguanas
  6 orc wizards
  Terence (D:3)
  6 gnolls
  10 adders
  A shadow imp (D:6)
  2 white imps (D:7)
  An ufetubus (D:6)
  A worm (D:2)
  3 dart slugs (D:1)
  27 orcs
  8 ball pythons
  7 bats
  7 endoplasms
  3 giant cockroaches
  6 goblins
  5 hobgoblins
  2 jackals (D:5)
  4 quokkas
  7 frilled lizards
  6 kobolds
  8 rats
174 creatures vanquished.

Vanquished Creatures (others)
  2 plants (D:2)
2 creatures vanquished.

Grand Total: 176 creatures vanquished

Notes
Turn   | Place    | Note
-------+----------+-------------------------------------------
     0 | D:1      | qw the Gargoyle Fighter began the quest for the Orb.
     0 | D:1      | Reached XP level 1. HP: 14/14 MP: 1/1
     0 | D:1      | 0 ||| qw: Version: 0.2-a-13-gfc7b4b4
     0 | D:1      | 0 ||| qw: Game counter: 1889
     0 | D:1      | 0 ||| qw: Always use a shield: true
     0 | D:1      | 0 ||| qw: God list: Okawaru
     0 | D:1      | 0 ||| qw: Allow faded altars: false
     0 | D:1      | 0 ||| qw: Do Orc after D:15 true
     0 | D:1      | 0 ||| qw: Do second Lair branch before Depths: true
     0 | D:1      | 0 ||| qw: Lair rune preference: random
     0 | D:1      | 0 ||| qw: Plans: Normal, Zot:1-4, God:TSO, Crypt, Tomb,
                  | Pan, Slime:5, Hells, Abyss, Orb
     0 | D:1      | 0 ||| PLANNING D:1-11
    40 | D:1      | Reached skill level 2 in Axes
   181 | D:1      | Reached XP level 2. HP: 19/19 MP: 2/2
   457 | D:1      | Reached skill level 3 in Axes
   506 | D:1      | Reached XP level 3. HP: 23/23 MP: 3/3
   659 | D:1      | 659 ||| DROPPING +0 club.
   762 | D:1      | 762 ||| Stepping ~*~*~tactically~*~*~ (hiding).
  1058 | D:1      | 1058 ||| UPGRADING to +0 kite shield.
  1068 | D:1      | 1068 ||| DROPPING +0 buckler.
  1069 | D:1      | 1069 ||| UPGRADING to +0 chain mail.
  1079 | D:1      | 1079 ||| DROPPING +0 scale mail.
  1080 | D:1      | 1080 ||| UPGRADING to ring of protection from fire.
  1081 | D:1      | 1081 ||| READING scroll labelled AQEITE UNEOL.
  1082 | D:1      | 1082 ||| READING scroll labelled XABAPH ICLEAPY.
  1083 | D:1      | 1083 ||| READING scroll labelled XOUCVU DEUQUTWA.
  1100 | D:2      | 1100 ||| Stepping ~*~*~tactically~*~*~ (stealth).
  1121 | D:2      | 1121 ||| FLEEEEING.
  1122 | D:2      | 1122 ||| STAIRDANCE
  1140 | D:2      | 1140 ||| Stepping ~*~*~tactically~*~*~ (stealth).
  1286 | D:2      | Reached XP level 4. HP: 28/28 MP: 4/4
  1325 | D:2      | Found Visun's Weapon Shop.
  1370 | D:2      | Found a faded altar of an unknown god.
  1932 | D:2      | 1932 ||| DROPPING ring of flight.
  1933 | D:2      | 1933 ||| READING scroll labelled XERILY XACUY.
  1934 | D:2      | 1934 ||| READING scroll labelled WENANA NUJIRR.
  1938 | D:2      | 1938 ||| READING 2 scrolls labelled ORESMA PEMMAPS.
  1939 | D:2      | 1939 ||| READING scroll labelled XOEXOT CIXKUN.
  1940 | D:2      | 1940 ||| DROPPING scroll of vulnerability.
  2275 | D:3      | 2275 ||| Stepping ~*~*~tactically~*~*~ (stealth).
  2333 | D:3      | Noticed Terence
  2348 | D:3      | Killed Terence
  2349 | D:3      | Reached skill level 4 in Axes
  2349 | D:3      | Reached XP level 5. HP: 12/32 MP: 5/5
  2523 | D:3      | Noticed Grinder
  2523 | D:3      | Paralysed by Grinder for 3 turns
  2536 | D:3      | Killed Grinder
  2537 | D:3      | Reached skill level 6 in Shields
  2537 | D:3      | Reached XP level 6. HP: 25/37 MP: 6/6
  2675 | D:4      | 2675 ||| STAIRDANCE
  2780 | D:4      | Reached skill level 5 in Axes
  2780 | D:4      | Reached XP level 7. HP: 40/41 MP: 7/7
  2985 | D:4      | 2985 ||| Stepping ~*~*~tactically~*~*~ (stealth).
  2992 | D:4      | 2992 ||| Stepping ~*~*~tactically~*~*~ (stealth).
  2995 | D:4      | 2995 ||| Stepping ~*~*~tactically~*~*~ (stealth).
  2996 | D:4      | 2996 ||| Stepping ~*~*~tactically~*~*~ (stealth).
  3163 | D:4      | 3163 ||| Stepping ~*~*~tactically~*~*~ (stealth).
  3170 | D:4      | Reached skill level 6 in Axes
  3236 | D:4      | Found a stormy altar of Qazlal.
  3427 | D:4      | 3427 ||| Stepping ~*~*~tactically~*~*~ (hiding).
  3622 | D:4      | Reached skill level 1 in Dodging
  3665 | D:4      | 3665 ||| READING scroll labelled HYEDUL ESE.
  3704 | D:5      | Entered Level 5 of the Dungeon
  3714 | D:5      | 3714 ||| FLEEEEING.
  3717 | D:5      | 3717 ||| FLEEEEING.
  3718 | D:5      | 3718 ||| FLEEEEING.
  3719 | D:5      | 3719 ||| FLEEEEING.
  3720 | D:5      | 3720 ||| FLEEEEING.
  3721 | D:5      | 3721 ||| FLEEEEING.
  3722 | D:5      | 3722 ||| STAIRDANCE
  3742 | D:5      | 3742 ||| DRINKING potion of curing.
  3742 | D:5      | 3742 ||| (to cure confusion)
  3746 | D:5      | Reached XP level 8. HP: 48/48 MP: 8/8
  3798 | D:5      | 3798 ||| DROPPING +0 mace.
  3841 | D:5      | 3841 ||| Stepping ~*~*~tactically~*~*~ (stealth).
  3974 | D:5      | Reached skill level 7 in Axes
  4022 | D:5      | Reached skill level 1 in Throwing
  4155 | D:5      | 4155 ||| Stepping ~*~*~tactically~*~*~ (stealth).
  4199 | D:5      | 4199 ||| FLEEEEING.
  4200 | D:5      | 4200 ||| FLEEEEING.
  4201 | D:5      | 4201 ||| FLEEEEING.
  4202 | D:5      | 4202 ||| FLEEEEING.
  4203 | D:5      | 4203 ||| FLEEEEING.
  4204 | D:5      | 4204 ||| FLEEEEING.
  4207 | D:5      | 4207 ||| FLEEEEING.
  4208 | D:5      | 4208 ||| FLEEEEING.
  4211 | D:5      | 4211 ||| FLEEEEING.
  4212 | D:5      | 4212 ||| FLEEEEING.
  4213 | D:5      | 4213 ||| FLEEEEING.
  4214 | D:5      | 4214 ||| FLEEEEING.
  4218 | D:5      | 4218 ||| FLEEEEING.
  4219 | D:5      | 4219 ||| FLEEEEING.
  4220 | D:5      | 4220 ||| FLEEEEING.
  4221 | D:5      | 4221 ||| FLEEEEING.
  4222 | D:5      | 4222 ||| FLEEEEING.
  4223 | D:5      | 4223 ||| FLEEEEING.
  4224 | D:5      | 4224 ||| STAIRDANCE
  4257 | D:4      | 4257 ||| UPGRADING to +0 plate armour.
  4267 | D:4      | 4267 ||| DROPPING +0 chain mail.
  4268 | D:4      | 4268 ||| READING scroll labelled TIWOOL NYZUSH.
  4269 | D:4      | 4269 ||| READING scroll labelled DUEB NEOMUHA.
  4270 | D:4      | 4270 ||| DRINKING 2 black potions.
  4552 | D:5      | 4552 ||| READING scroll labelled HONWIW JEHI.
  4553 | D:5      | 4553 ||| DROPPING +0 flail.
  4748 | D:6      | Found a staircase to the Ecumenical Temple.
  4749 | D:6      | 4749 ||| PLANNING TEMPLE
  4758 | Temple   | Entered the Ecumenical Temple
  4932 | Temple   | 4932 ||| PLANNING D:1-11
  5132 | D:6      | 5132 ||| Stepping ~*~*~tactically~*~*~ (stealth).
  5133 | D:6      | 5133 ||| Stepping ~*~*~tactically~*~*~ (stealth).
  5189 | D:6      | Found an iron altar of Okawaru.
  5190 | D:6      | 5190 ||| PLANNING OKAWARU WORSHIP
  5190 | D:6      | 5190 ||| UPGRADING to amulet of reflection.
  5195 | D:6      | 5195 ||| READING scroll labelled OCAUKEKALYOSA.
  5231 | D:6      | 5231 ||| READING 2 scrolls of identify.
  5231 | D:6      | 5231 ||| IDENTIFYING glowing clear potion
  5232 | D:6      | 5232 ||| DROPPING potion of magic.
  5247 | D:6      | Became a worshipper of Warmaster Okawaru
  5248 | D:6      | 5248 ||| PLANNING D:1-11
  5332 | D:6      | 5332 ||| READING scroll of brand weapon.
  5332 | D:6      | 5332 ||| BRANDING +1 war axe of flaming.
  5387 | D:6      | Reached XP level 9. HP: 54/54 MP: 9/9
  5649 | D:6      | 5649 ||| DROPPING +0 whip.
  5999 | D:6      | 5999 ||| READING 2 scrolls of identify.
  5999 | D:6      | 5999 ||| IDENTIFYING murky clear potion
  6072 | D:7      | Found Pusiur's General Store.
  6081 | D:7      | 6081 ||| SHOPLISTING +11 whip of the Moon {protect, rC-
                  | Will+ SInv} (745 gold, have 424).
  6081 | D:7      | 6081 ||| SHOPLISTING ring of the Octopus King {rC+ HP+2
                  | AC+2 EV+2 SH+2} (675 gold, have 424).
  6096 | D:7      | Found Biacoeq's Armour Boutique.
  6097 | D:7      | 6097 ||| Stepping ~*~*~tactically~*~*~ (hiding).
  6098 | D:7      | 6098 ||| Stepping ~*~*~tactically~*~*~ (hiding).
  6108 | D:7      | Reached skill level 3 in Throwing
  6131 | D:7      | 6131 ||| BUYING +0 pair of gloves (72 gold).
  6131 | D:7      | Bought a +0 pair of gloves for 72 gold pieces
  6131 | D:7      | 6131 ||| BUYING +1 chain mail of fire resistance (264
                  | gold).
  6131 | D:7      | Bought a +1 chain mail of fire resistance for 264 gold
                  | pieces
  6131 | D:7      | 6131 ||| SHOPLISTING +1 helmet of intelligence (264 gold,
                  | have 88).
  6131 | D:7      | 6131 ||| SHOPLISTING +4 plate armour of cold resistance
                  | (800 gold, have 88).
  6131 | D:7      | 6131 ||| SHOPLISTING +7 plate armour of ponderousness (560
                  | gold, have 88).
  6270 | D:7      | Reached skill level 8 in Axes
  6278 | D:7      | Reached * piety under Okawaru
  6288 | D:7      | Reached skill level 1 in Invocations
  6456 | D:7      | Found a shimmering blue altar of Sif Muna.
  6456 | D:7      | Found a sparkling altar of Nemelex Xobeh.
  6523 | D:7      | Noticed a hornet
  6530 | D:7      | Killed a hornet
  6531 | D:7      | Reached skill level 6 in Fighting
  6541 | D:7      | Reached skill level 3 in Invocations
  6714 | D:7      | 6714 ||| INVOKING Heroism.
  6723 | D:7      | Reached ** piety under Okawaru
  6734 | D:7      | Found Viply's Armour Shoppe.
  6924 | D:7      | Found a shimmering altar of Xom.
  7257 | D:7      | 7257 ||| UPGRADING to +0 pair of gloves.
  7262 | D:7      | 7262 ||| READING scroll labelled KATOAFIXTA.
  7363 | D:7      | 7363 ||| DRINKING 3 fuming coppery potions.
  7400 | D:8      | 7400 ||| Stepping ~*~*~tactically~*~*~ (hiding).
  7413 | D:8      | 7413 ||| Stepping ~*~*~tactically~*~*~ (stealth).
  7415 | D:8      | 7415 ||| Stepping ~*~*~tactically~*~*~ (hiding).
  7421 | D:8      | 7421 ||| INVOKING Heroism.
  7524 | D:8      | 7524 ||| READING scroll of enchant weapon.
  7524 | D:8      | 7524 ||| ENCHANTING +1 war axe of draining.
  7598 | D:8      | 7598 ||| Stepping ~*~*~tactically~*~*~ (hiding).
  7603 | D:8      | 7603 ||| INVOKING Heroism.
  7638 | D:8      | 7638 ||| Stepping ~*~*~tactically~*~*~ (stealth).
  7640 | D:8      | 7640 ||| Stepping ~*~*~tactically~*~*~ (stealth).
  7642 | D:8      | 7642 ||| Stepping ~*~*~tactically~*~*~ (stealth).
  7646 | D:8      | Reached XP level 10. HP: 52/61 MP: 13/13
  7654 | D:8      | 7654 ||| INVOKING Heroism.
  7665 | D:8      | Reached *** piety under Okawaru
  7668 | D:8      | Reached skill level 9 in Axes
  7747 | D:8      | 7747 ||| FLEEEEING.
  8284 | D:8      | 8284 ||| DRINKING 2 pink potions.
  8285 | D:8      | 8285 ||| DRINKING 2 blue potions.
  8286 | D:8      | 8286 ||| READING 2 scrolls of identify.
  8286 | D:8      | 8286 ||| IDENTIFYING lumpy green potion
  8287 | D:8      | 8287 ||| DROPPING potion of flight.
  8288 | D:8      | 8288 ||| DROPPING potion of brilliance.
  8321 | D:9      | 8321 ||| INVOKING Heroism.
  8328 | D:9      | Noticed a gargoyle
  8331 | D:9      | Noticed an eight-headed hydra
  8336 | D:9      | HP: 8/63 [wraith (9)]
  8337 | D:9      | 8337 ||| READING 4 scrolls of teleportation.
  8337 | D:9      | HP: 2/63 [gargoyle/+0 flail (7)]
  8338 | D:9      | 8338 ||| SWAPPING to +0 morningstar.
  8339 | D:9      | Slain by an eight-headed hydra

Levels and vault maps discovered:
D:1:      elethiomel_arrival_infinity_welcomes_careful_drivers,
          layout_loops_corners, kennysheep_another_room
D:2:      layout_basic, shapermc_ecumenical_altar_rom_forum, serial_shops,
          nicolae_shop_bloodbath_and_beyond
D:3:      layout_basic, uniq_terence, uniq_grinder
D:4:      layout_basic, grunt_qazlal_clouds
D:5:      layout_gridville, chequers_serial_rivers_small_3
D:6:      layout_layer_cave, okawaru_ov_weapons_minmay,
          minmay_temple_entry_nine_rooms
D:7:      layout_layer_cave, xom_teletrap_fun, mainiacjoe_overflow_divided_tiny,
          serial_shops, nicolae_shop_hallway_plus, shop, nicolae_shop_crystal,
          kennysheep_generic_room_15
D:8:      layout_basic, serial_aquarium, aquarium_bridge_square
          [aquarium_subvault_window, aquarium_subvault_wall,
          aquarium_subvault_wall, aquarium_subvault_bridge],
          aquarium_bridge_square [aquarium_subvault_bridge,
          aquarium_subvault_bridge, aquarium_subvault_wall,
          aquarium_subvault_wall], aquarium_window_1, aquarium_window_2,
          aquarium_window_3, aquarium_window_2, aquarium_view_2c,
          aquarium_view_2d
D:9:      cheibrodos_fzero, layout_cave_pools, lair_entry_dummy,
          minmay_orc_entry_temple_small, kb_lookout_dungeons_type,
          nicolae_inconvenience_store, hangedman_ranch
Temple:   nicolae_temple_bog_church

Skill      XL: |  1  2  3  4  5  6  7  8  9 10 |
---------------+-------------------------------+-----
Axes           | 2 3 4 5 6 7 8 9 |  9.0
Shields        | 4 6 7 8 |  8.4
Fighting       | 4 5 6 7 |  7.1
Dodging        | 1 |  1.6
Throwing       | 1 3 |  3.0
Armour         | 4 5 |  5.0
Invocations    | 4 |  4.1

Action                   |  1- 3 |  4- 6 |  7- 9 | 10-12 || total
-------------------------+-------+-------+-------+-------++-------
Melee: War axe           |    98 |   102 |   271 |    41 ||   512
       Morningstar       |       |       |       |     1 ||     1
Throw: Boomerang         |       |       |    41 |       ||    41
       Javelin           |       |       |    38 |     1 ||    39
Invok: Heroism           |       |       |     3 |     2 ||     5
  Use: Scroll            |     3 |     4 |    10 |     2 ||    19
       Potion            |       |       |     3 |     2 ||     5
Armor: Scale mail        |    31 |       |       |       ||    31
       Chain mail        |    15 |    44 |    58 |       ||   117
       Plate armour      |       |       |    87 |    37 ||   124
Dodge: Dodged            |    26 |    29 |    62 |    18 ||   135
Block: Buckler           |    13 |       |       |       ||    13
       Kite shield       |     9 |    36 |   178 |    48 ||   271
       Reflection        |       |       |     5 |     5 ||    10

Table legend:
 A = Non-vault XP
 B = Vault XP
 C = Vault XP percentage of total XP
 D = Non-vault monster count
 E = Vault monster count
 F = Vault count percentage of total count
                 A         B        C        D         E       F
            +---------+---------+-------+---------+---------+-------
      Total |    5699 |     821 |  12.6 |     167 |       7 |   4.0
            +---------+---------+-------+---------+---------+-------
        D:1 |      55 |       0 |   0.0 |      29 |       0 |   0.0
        D:2 |      62 |       0 |   0.0 |      16 |       0 |   0.0
        D:3 |     133 |     313 |  70.2 |      15 |       2 |  11.8
        D:4 |     605 |       0 |   0.0 |      23 |       0 |   0.0
        D:5 |     752 |       0 |   0.0 |      18 |       0 |   0.0
        D:6 |     489 |       0 |   0.0 |      18 |       0 |   0.0
        D:7 |    1630 |      45 |   2.7 |      20 |       1 |   4.8
        D:8 |    1738 |       0 |   0.0 |      23 |       0 |   0.0
        D:9 |     235 |     463 |  66.3 |       5 |       4 |  44.4
            +---------+---------+-------+---------+---------+-------
